 Dungeon Crawl Stone Soup version 0.29-a0-557-g43b9904bd1 (webtiles) character file.

Game seed: 8060240371982701375

1 zeratav the Stinger (level 1, 0/11 HPs)
             Began as an Octopode Venom Mage on June 8, 2022.
             Frozen to death by an endoplasm (4 damage)
             ... on level 1 of the Dungeon.
             The game lasted 00:00:25 (192 turns).

zeratav the Stinger (Octopode Venom Mage)            Turns: 192, Time: 00:00:26

Health: 0/11       AC:  1    Str:  7    XL:     1   Next: 20%
Magic:  3/3        EV: 13    Int: 17    God:
Gold:   0          SH:  0    Dex: 12    Spells: 3/4 levels left

rFire   . . .      SeeInvis .   c - +0 dagger {short}
rCold   . . .      Faith    .   (no shield)
rNeg    . . .      Spirit   .   (helmet restricted)
rPois   .          Reflect  .   (no amulet)
rElec   .          Harm     .   (no ring)
rCorr   .          Rampage  .   (no ring)
Will    .....                   (no ring)
Stlth   +++.......              (no ring)
HPRegen 0.03/turn               (no ring)
MPRegen 0.08/turn               (no ring)
                                (no ring)
                                (no ring)

@: no status effects
A: almost no armour, amphibious, 8 rings, camouflage 1, gelatinous body 1,
(nimble swimmer 1), tentacles
a: no special abilities


You were on level 1 of the Dungeon.
You visited 1 branch of the dungeon, and saw 1 of its levels.


Innate Abilities, Weirdness & Mutations

You cannot wear most types of armour.
You are amphibious.
You can wear up to eight rings at the same time.
Your skin changes colour to match your surroundings (Stealth+).
Your rubbery body absorbs attacks. (AC +1, EV +1)
((You are camouflaged when in or above water. (Stealth+)))
You have tentacles for arms and can constrict up to eight enemies at once.


   Skills:
 - Level 2.0 Dodging
 - Level 2.6 Stealth
 + Level 2.0 Spellcasting
 - Level 1.0 Transmutations
 * Level 3.7 Poison Magic


You had 3 spell levels left.
You knew the following spells:

 Your Spells              Type           Power      Damage    Failure   Level
a - Sting                 Tmut/Pois      36%        1d4       8%          1

Your spell library contained the following spells:

 Spells                   Type           Power      Damage    Failure   Level
 Poisonous Vapours        Pois/Air       16%        N/A       14%         2
 Mephitic Cloud           Conj/Pois/Air  5%         N/A       34%         3
 Olgreb's Toxic Radiance  Pois           14%        N/A       38%         4

Inventory:

Hand Weapons
 c - a +0 dagger (weapon) {short}
   (You took it off a kobold on level 1 of the Dungeon)
Potions
 a - a potion of magic
 d - a potion of heal wounds {unknown}

Dungeon Overview and Level Annotations

Branches:
Dungeon (1/15)

Altars:

#.# .. ### # #
#.##.## .# ..
#.#...## ##..##
...###......###.....#
#............@J....#
#.........!......#
#.#.......#!.##....
#.##.........# ...
#.......###.## #
######..# #.# . #..#
#..
.##########..######
.........†.........


You could see an endoplasm.


Message History

Really attack while wielding nothing? [Y]es or [N]o only, please.
Really attack while wielding nothing? [Y]es or [N]o only, please.
Really attack while wielding nothing?
Okay, then.
Casting: Sting (safe; 8% risk of failure)
Confirm with . or Enter, or press ? or * to list all spells.
Aiming: Sting (safe; 8% risk of failure)
Press: ? - help, Shift-Dir - straight line, f - ball python
Aim: a ball python (64% to hit)
The sting hits the ball python.
The ball python is poisoned.
The ball python misses you. The ball python grabs you.
The ball python constricts you.
HP[-1] MP[-1]
You take 1 damage, and now have 10/11 hp.
You lost 1 mp, and now have 2/3 mp.
You miscast Sting.
You are very lightly contaminated with residual magic.
Nothing appears to happen.
The ball python bites you. The ball python constricts you.
HP[-2] MP[-1]
You take 2 damage, and now have 8/11 hp.
You lost 1 mp, and now have 1/3 mp.
You are too injured to fight recklessly!
You are too injured to fight recklessly!
Casting: Sting (safe; 8% risk of failure)
Confirm with . or Enter, or press ? or * to list all spells.
Aiming: Sting (safe; 8% risk of failure)
Press: ? - help, Shift-Dir - straight line, f/p - ball python
Aim: a ball python (moderately wounded, constricting you, poisoned, 64% to hit)
The sting hits the ball python.
The ball python looks even sicker.
You kill the ball python!
MP[-1]
You lost 1 mp, and now have 0/3 mp.
Your magical contamination has completely faded away.
You see here a ball python corpse.
A kobold comes into view. It is wielding a +0 dagger.
HP[+3] MP[+3]
Your hp is fully restored (11).
Your mp is fully restored (3).
A kobold is nearby!
The sting hits the kobold.
The kobold is poisoned.
The kobold shouts!
MP[-1]
You lost 1 mp, and now have 2/3 mp.
The sting hits the kobold.
The kobold looks even sicker.
You kill the kobold!
MP[-1]
You lost 1 mp, and now have 1/3 mp.
You can't see any susceptible monsters within range! (Use Z to cast anyway.)
c - a +0 dagger {short} MP[+2]
Your mp is fully restored (3).
b - a +0 trident (weapon)
{polearm}
d - a grey potion An endoplasm comes into view.
An endoplasm is nearby!
An endoplasm is nearby!
An endoplasm is nearby!
The endoplasm quivers.
c - a +0 dagger (weapon)
{short} You are now empty-tentacled.
You drop a +0 dagger {short}.
You drop a +0 trident {polearm}.
c - a +0 dagger (weapon)
{short} You hit the endoplasm but do no damage.
The endoplasm misses you.
You barely miss the endoplasm. The endoplasm hits you.
HP[-1]
You take 1 damage, and now have 10/11 hp.
You hit the endoplasm.
You squeeze the endoplasm, but do no damage.
The endoplasm freezes you.
You are frozen.
HP[-3]
You take 3 damage, and now have 7/11 hp.
MASSIVE DAMAGE!! (PAUSE)
You are too injured to fight recklessly!
You are too injured to fight recklessly!
You are too injured to fight recklessly!
You are too injured to fight recklessly!
You are too injured to fight recklessly!
You are too injured to fight recklessly!
You are too injured to fight recklessly!
You are too injured to fight recklessly!
You are too injured to fight recklessly!
You are too injured to fight recklessly!
You are too injured to fight recklessly!
You are too injured to fight recklessly!
You are too injured to fight recklessly!
You hit the endoplasm. The endoplasm completely misses you.
You hit the endoplasm. The endoplasm freezes you.
You are frozen.
* * * LOW HITPOINT WARNING * * *
HP[-3]
You take 3 damage, and now have 4/11 hp.
MASSIVE DAMAGE!! (PAUSE)
You hit the endoplasm but do no damage. Your squeeze misses the endoplasm.
The endoplasm freezes you.
You are frozen.
You die...

Action                   || total
-------------------------++-------
Melee: Dagger            ||     6
       Tentacles         ||     1
 Cast: Sting             ||     4
Dodge: Dodged            ||     5

Levels and vault maps discovered:
D:1:      eino_arrival_cavern_c, layout_loops_ring

Notes
Turn   | Place    | Note
-------+----------+-------------------------------------------
     0 | D:1      | zeratav the Octopode Venom Mage began the quest for the
                  | Orb.
     0 | D:1      | Reached XP level 1. HP: 11/11 MP: 3/3
     0 | D:1      | magus.rc [v1.9.6]
   192 | D:1      | Frozen to death by an endoplasm

Vanquished Creatures
  A ball python (D:1)
  A kobold (D:1)
2 creatures vanquished.

Table legend:
 A = Non-vault XP
 B = Vault XP
 C = Vault XP percentage of total XP
 D = Non-vault monster count
 E = Vault monster count
 F = Vault count percentage of total count
                 A         B        C        D         E       F
            +---------+---------+-------+---------+---------+-------
      Total |       2 |       0 |   0.0 |       2 |       0 |   0.0
            +---------+---------+-------+---------+---------+-------
        D:1 |       2 |       0 |   0.0 |       2 |       0 |   0.0
            +---------+---------+-------+---------+---------+-------

Illustrated notes

Table legend:
 A = Kills in this place as a percentage of kills in entire the game.
 B = Kills by you in this place as a percentage of kills by you in the entire game.
 C = Kills by friends in this place as a percentage of kills by friends in the entire game.
 D = Other kills in this place as a percentage of other kills in the entire game.
 E = Experience gained in this place as a percentage of experience gained in the entire game.
 F = Experience gained in this place divided by the number of levels of this place that you have seen.
                   A       B       C       D       E      F
               +-------+-------+-------+-------+-------+----------------------
         Total | 100.0 | 100.0 |   N/A |   N/A | 100.0 |   2.0
       Dungeon | 100.0 | 100.0 |   N/A |   N/A | 100.0 |   2.0
               +-------+-------+-------+-------+-------+----------------------

Table legend: (Time is in decaauts)
 A = Elapsed time spent in this place.
 B = Non-inter-level travel time spent in this place.
 C = Inter-level travel time spent in this place.
 D = Time resting spent in this place.
 E = Time spent auto-exploring this place.
 F = Levels seen in this place.
 G = Mean time per level.
                   A        B        C        D        E       F      G
               +--------+--------+--------+--------+--------+-----+--------+
         Total |    190 |    190 |      0 |      0 |    163 |   1 |  190.0 |
       Dungeon |    190 |    190 |      0 |      0 |    163 |   1 |  190.0 |
               +--------+--------+--------+--------+--------+-----+--------+

Top non-repeatable levels by time:
     D:1: 190 daAuts
